Map: Rorschach LE

Players

Virse

  • Race: Zerg Zerg
  • League: Master

CarGO - Winner!

  • Race: Terran Terran
  • League: Master

VOD

Have the link to the VOD?

Description

Time

  • Played on: June 23, 2026, 9:30 a.m.
  • Length: 8:32
Show
View Real Time Build Order
Export as new Build Order

Virse Zerg 

Build Orders: Pool First 

Get SALT Encoding   

  8  0:00  Drone  
  9  0:10  Drone  
  10  0:16  Drone  
  11  0:22  Drone  
  12  0:31  Extractor, Drone  
  13  0:38  Overlord  
  13  0:56  Drone x2  
  15  1:02  Spawning Pool  
  14  1:06  Drone  
  14  1:10  Drone  
  16  1:32  Hatchery  
  15  1:34  Drone  
  15  1:38  Drone  
  17  1:49  Queen  
  17  1:53  Extractor  
  18  1:55  Drone  
  18  1:57  Drone  
  20  2:03  Overlord  
  20  2:22  Drone  
  21  2:26  Zergling x4  
  21  2:27  Queen  
  25  2:39  Overlord  
  25  2:43  Drone  
  26  2:45  Queen  
  26  2:48  Drone  
  29  2:57  Drone x2  
  31  3:01  Metabolic Boost  
  31  3:07  Drone x2  
  33  3:13  Drone x2  
  33  3:18  Overlord  
  35  3:20  Drone  
  35  3:25  Drone x2  
  38  3:36  Drone x5  
  38  3:41  Overlord  
  43  3:54  Hatchery  
  43  3:55  Drone  
  43  3:56  Drone  
  43  3:58  Drone  
  43  4:00  Drone  
  43  4:01  Drone  
  47  4:10  Lair  
  47  4:14  Extractor  
  47  4:15  Extractor  
  47  4:16  Drone  
  46  4:18  Drone, Roach Warren  
  46  4:22  Drone  
  46  4:23  Drone  
  48  4:25  Evolution Chamber  
  48  4:28  Extractor, Drone  
  48  4:29  Drone x2  
  48  4:31  Drone  
  50  4:33  Drone  
  51  4:41  Drone  
  52  4:45  Drone  
  52  4:46  Drone x3  
  52  4:52  Overlord  
  56  4:53  Overlord  
  56  4:54  Overlord  
  56  5:05  Overlord x2  
  56  5:09  Drone  
  56  5:10  Spire  
  57  5:21  Zergling x14, Baneling Nest, Evolution Chamber  
  57  5:26  Zerg Ground Armor Level 1  
  61  5:32  Overlord  
  61  5:34  Drone x3  
  61  5:35  Drone  
  65  5:42  Queen  
  67  5:48  Zerg Melee Weapons Level 1  
  67  5:51  Drone x5  
  72  6:05  Centrifugal Hooks  
  72  6:12  Overlord  
  72  6:16  Mutalisk x5  
  82  6:24  Mutalisk  
  84  6:26  Drone x2  
  84  6:27  Drone x6  
  92  6:38  Mutalisk  
  94  6:40  Zergling x2  
  94  6:41  Zergling x6  
  94  6:45  Baneling  
  94  6:46  Baneling x3  
  97  6:50  Zergling x6  
  100  6:57  Overlord x2  
  100  6:59  Baneling x5  
  100  7:00  Baneling  
  100  7:05  Hatchery  
  100  7:07  Zergling x2  
  100  7:09  Overlord  
  100  7:15  Baneling x6  
  100  7:16  Zergling x16  
  108  7:23  Overlord x2  
  81  7:45  Zergling x24  
  91  7:55  Mutalisk x4  
  93  7:59  Zergling x4  
  93  8:04  Zergling x2  
  82  8:07  Baneling x3  
  82  8:08  Baneling x4  
  82  8:11  Zergling x2  
  83  8:14  Zergling x2  
Show
View Real Time Build Order
Export as new Build Order

CarGO Terran - Winner!

Build Orders: Reaper Expand 

Get SALT Encoding   

  8  0:00  SCV  
  9  0:12  SCV  
  10  0:24  SCV  
  11  0:36  SCV  
  11  0:41  Supply Depot  
  12  0:49  SCV  
  13  1:02  SCV  
  14  1:06  Barracks  
  14  1:09  Refinery  
  14  1:14  SCV  
  15  1:26  SCV  
  16  1:39  SCV  
  17  1:52  Orbital Command  
  17  1:53  Reaper  
  18  2:08  Command Center  
  18  2:20  SCV, Supply Depot  
  19  2:25  Marine  
  20  2:32  SCV  
  21  2:39  Factory  
  21  2:44  SCV  
  22  2:46  Barracks Reactor  
  22  2:56  SCV  
  23  3:04  Refinery  
  23  3:08  SCV  
  24  3:19  Orbital Command  
  24  3:20  SCV  
  24  3:30  Starport  
  24  3:32  SCV  
  29  3:34  Hellion x2  
  29  3:39  Barracks Tech Lab  
  29  3:44  SCV  
  29  3:45  SCV  
  35  3:55  Hellion x2  
  35  3:56  SCV  
  35  3:57  SCV  
  35  4:02  Supply Depot  
  37  4:03  Supply Depot  
  37  4:08  SCV  
  37  4:09  SCV  
  39  4:20  Supply Depot, SCV  
  39  4:22  SCV  
  41  4:25  Starport Reactor  
  41  4:27  Barracks, Factory Reactor  
  41  4:28  Barracks  
  41  4:32  Stimpack  
  41  4:34  SCV  
  41  4:36  SCV  
  43  4:42  Marine  
  43  4:43  Supply Depot  
  44  4:46  SCV  
  44  4:50  SCV  
  46  4:59  SCV  
  47  5:00  Marine  
  47  5:02  SCV  
  47  5:05  Refinery  
  49  5:11  SCV, Medivac x2  
  54  5:14  SCV  
  54  5:15  Engineering Bay  
  54  5:16  Engineering Bay  
  54  5:18  Marine x3  
  58  5:23  Supply Depot, SCV  
  58  5:27  Factory Tech Lab, Marine x2  
  61  5:32  SCV  
  61  5:35  SCV  
  63  5:36  Marine x3  
  63  5:39  Supply Depot  
  66  5:44  SCV, Terran Infantry Weapons Level 1  
  66  5:45  Terran Infantry Armor Level 1, Marine  
  66  5:47  SCV  
  66  5:49  Siege Tank  
  72  5:50  Marine  
  72  5:55  Armory  
  72  5:56  Marine x2  
  75  5:58  Marine  
  75  6:02  Supply Depot  
  75  6:03  Marine  
  77  6:08  Marine, Supply Depot  
  78  6:12  Combat Shield  
  78  6:14  Marine x2  
  78  6:16  Marine  
  81  6:21  Marine, Siege Tank  
  85  6:26  Marine, Barracks  
  85  6:32  Marine x2, Barracks  
  88  6:36  Marine, Supply Depot  
  88  6:38  Marine  
  88  6:39  Medivac  
  92  6:44  Marine  
  93  6:49  Marine  
  93  6:50  Marine  
  93  6:53  Supply Depot, Marine  
  96  6:56  Marine  
  96  6:58  Siege Tank  
  100  7:01  Marine  
  100  7:04  Supply Depot  
  100  7:07  Marine x2  
  103  7:09  Supply Depot  
  103  7:11  Marine  
  103  7:14  Marine x2  
  106  7:19  Marine x2  
  108  7:25  Marine x2  
  108  7:29  Marine  
  111  7:32  Marine x2  
  111  7:36  Marine  
  105  7:40  Marine  
  105  7:43  Marine x2  
  95  7:45  Medivac x2  
  95  7:47  Marine  
  95  7:50  Marine x2  
  102  7:54  Marine  
  102  7:57  Marine  
  104  8:01  Marine x2  
  104  8:05  Marine  
  106  8:07  Marine  
  106  8:08  Marine  
  106  8:12  Marine  
Tags
 
Add a new tag
Caveats
  • Supply blocks, unpowered buildings, or Contaminate may cause inaccurate times.
  • Supply counts are checked every 10 seconds.